 Dungeon Crawl Stone Soup version 0.30.1-4-g462c640d31 (webtiles) character file.

Game seed: 4692983910505072922

494 Wiggles the Cleaver (level 6, -1/76 HPs)
             Began as a Minotaur Berserker on Aug 18, 2023.
             Was a Priest of Trog.
             Slain by a lemure (3 damage)
             ... led by Pikel
             ... on level 4 of the Dungeon.
             The game lasted 00:04:12 (2580 turns).

Wiggles the Cleaver (Minotaur Berserker)            Turns: 2580, Time: 00:04:13

Health: -1/76      AC:  8    Str: 23    XL:     6   Next: 92%
Magic:  5/5        EV: 23    Int:  4    God:    Trog [***...]
Gold:   118        SH:  4    Dex: 10    Spells: 5/5 levels left

rFire   . . .        a - +0 hand axe
rCold   . . .        m - +0 buckler
rNeg    . . .        b - +0 chain mail
rPois   .            (helmet restricted)
rElec   .            (no cloak)
rCorr   .            (no gloves)
SInv    .            (no boots)
Will    .....        t - amulet of the acrobat Stlth
                     (no ring)
HPRegen 0.32/turn    (no ring)
MPRegen 0.09/turn

%: acrobat
@: berserking, acrobatic, very quick
A: horns 2, retaliatory headbutt
a: Renounce Religion, Berserk, Trog's Hand


You were on level 4 of the Dungeon.
You worshipped Trog.
Trog was most pleased with you.
You visited 1 branch of the dungeon, and saw 4 of its levels.

You collected 118 gold pieces.

Inventory:

Hand Weapons
 a - a +0 hand axe (weapon)
Missiles
 p - a throwing net (quivered)
Armour
 b - a +0 chain mail (worn)
 m - a +0 buckler (worn)
Jewellery
 t - an amulet of the acrobat (around neck)
Wands
 v - a wand of acid (5)
Scrolls
 e - a scroll of vulnerability {unknown}
 f - 2 scrolls of torment {unknown}
 h - a scroll of poison {unknown}
 i - a scroll of amnesia {unknown}
 j - 2 scrolls of brand weapon {unknown}
 k - 2 scrolls of teleportation {unknown}
 l - a scroll of identify {unknown}
 n - a scroll of magic mapping {unknown}
 o - a scroll of blinking {unknown}
 q - a scroll of noise {unknown}
 w - a scroll of enchant armour {unknown}
Potions
 c - 3 potions of haste {unknown}
 d - a potion of attraction {unknown}
 g - 2 potions of cancellation {unknown}
 r - a potion of resistance {unknown}
 s - a potion of curing {unknown}
 u - a potion of brilliance {unknown}


   Skills:
 - Level 3.6 Fighting
 + Level 8.9 Axes
 - Level 2.4 Armour
 - Level 2.1 Dodging
 + Level 0.3 Stealth
 + Level 2.7 Shields


You had 5 spell levels left.
You didn't know any spells.
Your spell library was empty.

Dungeon Overview and Level Annotations

Branches:
Dungeon (4/15)
 Temple: D:4-7

Altars:

Annotations:
D:4 Pikel


Innate Abilities, Weirdness & Mutations

You have a pair of horns on your head.
You reflexively headbutt those who attack you in melee.


Message History

You hit Pikel. You hit Robin. The adder completely misses you.
Robin says, "My goblins will feast on your bones."
Robin hits you with a +0 mace.
* * * LOW HITPOINT WARNING * * *
The lemure closely misses you. The adder bites you but does no damage.
A red film seems to cover your vision as you go berserk!
You feel yourself moving faster!
You feel mighty! The lemure hits you!
* * * LOW HITPOINT WARNING * * *
Robin says, "A pitiful Minotaur like you will never find the ORB!"
Robin misses you. You furiously retaliate!
You headbutt Robin!
You kill Robin!
Trog accepts your kill. Pikel hits you but does no damage.
The lemure hits you but does no damage. The adder bites you but does no damage.
You slash Pikel!
Pikel is moderately wounded.
You hit the adder. You hit the lemure but do no damage. You slash the lemure!
You kill the lemure!
That felt strangely unrewarding.
Pikel hits you with a +0 whip of flaming.
* * * LOW HITPOINT WARNING * * *
Pikel burns you.
* * * LOW HITPOINT WARNING * * *
The adder bites you.
* * * LOW HITPOINT WARNING * * *
You closely miss Pikel. Your headbutt misses Pikel.
Pikel is moderately wounded.
You slash the lemure! You hit the adder.
You feel the power of Trog in you as your rage grows.
You kill the adder!
Trog accepts your kill.
You closely miss Pikel.
Pikel is moderately wounded.
You closely miss the lemure. You block Pikel's attack.
The lemure hits you but does no damage.
Things that are here:
a +0 mace; a +0 dagger You feel a strong urge to attack something.
Pikel misses you. The lemure hits you.
You die...

.#.....##.###. #
............. #.
............ #..
........... #...
.......... ##...
##)).......
#.....#.<).......
.##...))))......
........5@.......
........)K5#...#.
##........## ..#
........... ...
............ ##
........#....
........###.K.
#...... ....


You could see Pikel and 2 lemures.

Vanquished Creatures
  Grinder (D:3)
  A lemure (D:4)
  A scorpion (D:3)
  Jessica (D:3)
  Ijyb (D:3)
  An orc wizard (D:4)
  Robin (D:4)
  4 gnolls
  3 adders
  A worm (D:3)
  A dart slug (D:3)
  8 orcs
  13 ball pythons
  4 endoplasms
  A giant cockroach (D:1)
  13 goblins
  6 hobgoblins
  12 jackals
  4 quokkas
  A bat (D:2)
  3 frilled lizards
  3 kobolds
  6 rats
90 creatures vanquished.

Notes
Turn   | Place    | Note
-------+----------+-------------------------------------------
     0 | D:1      | Wiggles the Minotaur Berserker began the quest for the Orb.
     0 | D:1      | Reached XP level 1. HP: 19/19 MP: 0/0
    59 | D:1      | Reached skill level 4 in Axes
   177 | D:1      | Reached XP level 2. HP: 25/26 MP: 1/1
   838 | D:2      | Reached skill level 5 in Axes
   924 | D:2      | Reached XP level 3. HP: 29/31 MP: 2/2
  1005 | D:2      | Reached ** piety under Trog
  1696 | D:3      | Reached skill level 6 in Axes
  1696 | D:3      | Reached XP level 4. HP: 32/39 MP: 3/3
  1822 | D:3      | Identified the +9 whip "Impbane" {flame, *Noise Int+4
                  | Dex+4}
  1859 | D:3      | Noticed Jessica
  1861 | D:3      | Killed Jessica
  1862 | D:3      | Reached skill level 1 in Shields
  1875 | D:3      | Noticed Grinder
  1877 | D:3      | Paralysed by Grinder for 4 turns
  1900 | D:3      | Killed Grinder
  1901 | D:3      | Reached skill level 7 in Axes
  1901 | D:3      | Reached XP level 5. HP: 45/45 MP: 4/4
  1901 | D:3      | Reached XP level 6. HP: 51/51 MP: 5/5
  1994 | D:3      | Noticed Ijyb
  2003 | D:3      | Killed Ijyb
  2004 | D:3      | Reached skill level 8 in Axes
  2317 | D:4      | Noticed Robin
  2455 | D:3      | Reached *** piety under Trog
  2566 | D:4      | Noticed Pikel
  2575 | D:4      | Killed Robin
  2576 | D:4      | HP: 3/76 [Pikel/+0 whip of flaming (2)]
  2576 | D:4      | HP: 1/76 [adder (2)]
  2580 | D:4      | Slain by a lemure

Illustrated notes

Levels and vault maps discovered:
D:1:      giann_forest_graveyard, layout_basic, ebering_dispersal_statue_hall,
          hex_tiny
D:2:      kennysheep_big_flooded_room, layout_loops_ring
D:3:      layout_loops_ring, uniq_ijyb, uniq_jessica, uniq_grinder
D:4:      layout_cave_pools, minmay_temple_entry_from_below_a,
          minmay_misc_feat_iff, uniq_pikel, uniq_robin

Skill      XL: |  1  2  3  4  5  6 |
---------------+-------------------+-----
Axes           | 4 5 6 7 8 |  8.9
Shields        | 2 |  2.7
Fighting       | |  3.6
Armour         | |  2.4
Dodging        | |  2.1
Stealth        | |  0.3

Action                     |  1- 3 |  4- 6 || total
---------------------------+-------+-------++-------
  Melee: Hand axe          |    98 |    69 ||   167
         Headbutt          |    12 |    14 ||    26
         Punch             |     1 |       ||     1
 Invoke: Berserk           |       |     3 ||     3
 Armour: Chain mail        |    58 |    52 ||   110
  Dodge: Dodged            |    48 |    36 ||    84
  Block: Buckler           |     4 |    22 ||    26
